 Dungeon Crawl Stone Soup version 0.23-a0-714-g00c90a0c22 (webtiles) character file.

336 Hercules1031 the Sneak (level 6, 0/28 HPs)
             Began as a Felid Monk on Jan 16, 2019.
             Slain by a sky beast (4 damage)
             ... on level 5 of the Dungeon.
             The game lasted 00:11:50 (4753 turns).

Hercules1031 the Sneak (Felid Monk)                 Turns: 4753, Time: 00:11:51

Health: 0/28       AC:  2    Str:  7    XL:     6   Next: 28%
Magic:  0/7        EV: 26    Int: 11    God:
Gold:   176        SH:  0    Dex: 21    Spells: 5/5 levels left
                                        Lives:  0   Deaths: 1

rFire    . . .     SeeInvis +     - Unarmed
rCold    . . .     Gourm    .   (shield unavailable)
rNeg     . . .     Faith    .   (armour unavailable)
rPois    .         Spirit   +   (helmet unavailable)
rElec    .         Reflect  .   (cloak unavailable)
rCorr    .         Harm     .   (gloves unavailable)
MR       .....                  (boots unavailable)
Stlth    +++++.....             n - amulet of guardian spirit
HPRegen  0.09/turn              d - ring of stealth
MPRegen  0.10/turn              g - +4 ring of evasion

@: quick
A: very small, no armour, no weapons or thrown items, stealth, claws 1, fangs 3,
see invisible, carnivore, speed 1, shaggy fur 2, slow metabolism 1, sharp paws
a: no special abilities


You were on level 5 of the Dungeon.
You were not hungry.

You visited 1 branch of the dungeon, and saw 5 of its levels.

You collected 176 gold pieces.

Inventory:

Jewellery
 d - a ring of stealth (left paw)
 g - a +4 ring of evasion (right paw)
 j - an uncursed ring of positive energy
 l - an uncursed ring of protection from magic
 n - an amulet of guardian spirit (around neck)
Wands
 h - a wand of paralysis (6)
Scrolls
 b - 3 scrolls of amnesia {unknown}
 f - 3 scrolls of remove curse {unknown}
 i - 4 scrolls of fear {unknown}
 k - 2 scrolls of magic mapping {unknown}
 m - a scroll of enchant armour {unknown}
 o - 3 scrolls of enchant weapon {unknown}
 r - 2 scrolls of teleportation {unknown}
Potions
 c - 2 potions of brilliance
 e - a potion of invisibility {unknown}
 p - a potion of mutation {unknown}
Comestibles
 a - 7 rations


   Skills:
 + Level 4.2 Fighting
 * Level 5.7 Dodging
 + Level 6.7 Stealth
 + Level 4.2 Unarmed Combat
 * Level 0.0 Evocations


You had 5 spell levels left.
You didn't know any spells.
Your spell library was empty.

Dungeon Overview and Level Annotations

Branches:
Dungeon (5/15)
 Temple: D:4-7

Altars:
Okawaru
Ru
Wu Jian

Shops:
D:4 }   D:5 [


Innate Abilities, Weirdness & Mutations

You cannot wear armour.
You are incapable of wielding weapons or throwing items.
Your paws allow you to move quietly. (Stealth)
You have sharp claws.
You have razor-sharp teeth.
You have supernaturally acute eyesight. (SInv)
You are carnivorous and can eat meat at any time.
You cover ground quickly.
You are covered in thick fur. (AC +2)
You have a slow metabolism.
Your sharp claws are effective at attacking unaware monsters.


Message History

You kill the orc!
The sky beast misses you. The crimson imp closely misses you.
You scratch the sky beast but do no damage.
The sky beast is severely wounded.
The sky beast misses you.
You scratch the sky beast.
The sky beast is almost dead.
The crimson imp closely misses you. The sky beast completely misses you.
You barely miss the sky beast.
The sky beast is almost dead.
The crimson imp blinks!
The sky beast misses you.
You scratch the sky beast but do no damage.
The sky beast is almost dead.
The sky beast completely misses you.
You scratch the sky beast but do no damage.
The sky beast is almost dead.
The crimson imp closely misses you. The sky beast hits you.
* * * LOW HITPOINT WARNING * * *
The sky beast shocks you.
You die...

#..$..# .....#
#....# #....#
+####
#....##....#
#(<........+
#..........#
#..........#
#(...5@)...#
#....##Y...#
#....# ....#
#..... .......
#.......≈..##.
#..........#
#......∩....
..... ......


You could see a sky beast and a crimson imp.

Vanquished Creatures
  A water moccasin skeleton (D:4)
  A hound (D:4)
  An orc priest (D:4)
  4 orc wizards (D:4)
  Robin (D:4)
  6 adders
  An ooze (D:2)
  A worm (D:2)
  A dart slug (D:2)
  2 leopard geckos
  25 orcs
  2 giant cockroaches (D:2)
  17 goblins
  12 hobgoblins
  6 jackals
  4 kobolds
  A quokka (D:2)
  A ball python (D:2)
  5 bats
  5 frilled lizards
  11 rats
108 creatures vanquished.

Vanquished Creatures (others)
  A fungus (D:4)
  3 plants (D:4)
4 creatures vanquished.

Grand Total: 112 creatures vanquished

Notes
Turn   | Place    | Note
-------+----------+-------------------------------------------
     0 | D:1      | Hercules1031 the Felid Monk began the quest for the Orb.
     0 | D:1      | Reached XP level 1. HP: 10/10 MP: 2/2
   342 | D:1      | Reached skill level 3 in Stealth
   468 | D:1      | Reached XP level 2. HP: 14/14 MP: 3/3
   977 | D:2      | Reached XP level 3. HP: 14/17 MP: 4/4
  1015 | D:2      | Reached skill level 4 in Stealth
  1442 | D:2      | Reached XP level 4. HP: 17/21 MP: 5/5
  2436 | D:3      | Reached skill level 5 in Stealth
  3018 | D:4      | Reached XP level 5. HP: 25/25 MP: 6/6
  3174 | D:4      | Noticed Robin
  3175 | D:4      | Reached skill level 5 in Dodging
  3189 | D:4      | Killed Robin
  3305 | D:4      | Found an ornate altar of the Wu Jian Council.
  3305 | D:4      | Found an iron altar of Okawaru.
  3364 | D:4      | Slain by an orc priest
  3365 | D:4      | Reached XP level 4. HP: -5/22 MP: 0/5
  3405 | D:4      | Reached XP level 5. HP: 25/25 MP: 2/6
  3792 | D:4      | Reached skill level 6 in Stealth
  3995 | D:4      | Gained mutation: You are covered in thick fur. (AC +2)
                  | [Felid growth]
  3995 | D:4      | Reached XP level 6. HP: 15/28 MP: 5/7
  4429 | D:4      | Found a sacrificial altar of Ru.
  4681 | D:4      | Found Naujuik's Gadget Emporium.
  4721 | D:5      | Entered Level 5 of the Dungeon
  4725 | D:5      | Found Ibyoripn's Antique Armour Boutique.
  4728 | D:5      | Noticed a sky beast
  4753 | D:5      | Slain by a sky beast

Vault maps used:
D:1:      lemuel_arrival_room, chequers_garden, kennysheep_another_room,
          supply_closet_lemuel
D:2:      minmay_evil_eye
D:3:      serial_corexii_hall, chequers_hall_statues_y, corexii_hall_statues_x
D:4:      gammafunk_temple_overflow_statue, serial_shops, kennysheep_mini,
          nicolae_ru_the_path_less_chosen, uniq_robin
D:5:      minmay_temple_entry_nine_rooms, serial_shops, shop, shop, shop,
          first_ration

Skill      XL: |  1  2  3  4  5 |
---------------+----------------+-----
Stealth        | 3 4 5 6 |  6.7
Dodging        | 5 |  5.7
Fighting       | 4 |  4.2
Unarmed Combat | 4 |  4.2

Action                   |  1- 3 |  4- 6 || total
-------------------------+-------+-------++-------
Melee: Unarmed           |   106 |   235 ||   341
       Bite              |     9 |    29 ||    38
       Punch             |     1 |     3 ||     4
  Use: Scroll            |     1 |     3 ||     4
       Potion            |       |     8 ||     8
 Stab: Sleeping          |     7 |    10 ||    17
       Distracted        |       |     1 ||     1
  Eat: Ration            |       |     2 ||     2
Armor: Skin              |     4 |    37 ||    41
Dodge: Dodged            |   129 |   209 ||   338

Table legend:
 A = Non-vault XP
 B = Vault XP
 C = Vault XP percentage of total XP
 D = Non-vault monster count
 E = Vault monster count
 F = Vault count percentage of total count
                 A         B        C        D         E       F
            +---------+---------+-------+---------+---------+-------
      Total |     549 |      53 |   8.8 |      93 |      15 |  13.9
            +---------+---------+-------+---------+---------+-------
        D:1 |      27 |       0 |   0.0 |      16 |       0 |   0.0
        D:2 |      61 |      21 |  25.6 |      24 |       6 |  20.0
        D:3 |      96 |       0 |   0.0 |      29 |       0 |   0.0
        D:4 |     353 |      32 |   8.3 |      20 |       9 |  31.0
        D:5 |      12 |       0 |   0.0 |       4 |       0 |   0.0
            +---------+---------+-------+---------+---------+-------
